 Dungeon Crawl Stone Soup version bcrawl-1.19.1 (webtiles) character file.

Game seed: 1193885898429673089

830 Niddhogr the Tainter (level 7, -15/46 HPs)
             Began as a Demonspawn Venom Mage on Nov 30, 2019.
             Demolished by an ogre
             ... wielding a +0 giant club
              (22 damage)
             ... on level 5 of the Dungeon.
             The game lasted 00:10:53 (4127 turns).

Niddhogr the Tainter (Demonspawn Venom Mage)        Turns: 4127, Time: 00:10:54

Health: -15/46     AC:  7    Str:  9    XL:     7   Next: 65%
Magic:  22/22      EV: 11    Int: 18    God:
Gold:   202        SH:  0    Dex: 13    Spells: 9/15 levels left

rFire    + + .     SeeInvis .   m - +2 dagger (venom)
rCold    . . .     Gourm    .   (no shield)
rNeg     . . .     Faith    +   p - +2 leather armour {rF+} {rF+}
rPois    .         Spirit   .   (no helmet)
rElec    .         Reflect  .   (no cloak)
rCorr    .         Harm     .   (no gloves)
MR       .....                  (no boots)
Stlth    ++........             e - amulet of faith {Faith, !P}
HPRegen  0.15/turn              u - ring of magical power {MP+9}
MPRegen  0.18/turn              (no ring)

@: no status effects
A: claws 1, slimy green scales 1, fire resistance 1, spiny 1
a: no special abilities


You were on level 5 of the Dungeon.
You were not hungry.

You visited 1 branch of the dungeon, and saw 5 of its levels.

You collected 202 gold pieces.

Inventory:

Hand Weapons
 m - a +2 dagger of venom (weapon)
 n - a +2 dagger of protection
 r - a +0 great sword
Armour
 a - a +0 robe
 p - a +2 leather armour of fire resistance (worn) {rF+}
 y - a +0 helmet
Jewellery
 e - an amulet of faith (around neck) {Faith, !P}
 u - a ring of magical power (left claw) {MP+9}
 x - a +3 ring of protection {unknown}
Wands
 q - a wand of flame (23)
Scrolls
 b - a scroll of blinking {unknown}
 c - a scroll of enchant armour {unknown}
 g - a scroll of teleportation {unknown}
 i - 4 scrolls of identify
 t - a scroll of amnesia
 v - a scroll of magic mapping {!r}
 w - a scroll of remove curse {unknown}
Potions
 d - a potion of degeneration {!q}
 h - 2 potions of curing {unknown}
 j - 2 potions of mutation {!q}
 k - a potion of resistance {unknown}
 l - 3 potions of lignification {!q}
 o - a potion of brilliance
Comestibles
 f - 9 rations {!d}


   Skills:
 - Level 1.7 Dodging
 - Level 2.0 Stealth
 + Level 4.5 Spellcasting
   Level 1.0 Conjurations
 - Level 8.0 Poison Magic


You had 9 spell levels left.
You knew the following spells:

 Your Spells              Type           Power        Failure   Level  Hunger
b - Poisonous Vapours     Pois/Air       ###...       6%          2    #......
c - Olgreb's Toxic Radia  Pois           ####....     7%          4    ####...

Your spell library contained the following spells:

 Spells                   Type           Power        Failure   Level  Hunger
 Sting                    Conj/Pois      ###.         3%          1    None
 Ignite Poison            Fire/Tmut/Pois ##......     21%         3    ###....
 Summon Scorpions         Summ/Pois      ###.....     36%         4    ####...
 Venom Bolt               Conj/Pois      ###.......   65%         5    ######.


Dungeon Overview and Level Annotations

Branches:
Dungeon (5/12)             Temple (0/1) D:5

Altars:


Innate Abilities, Weirdness & Mutations

You have sharp fingernails.
You are partially covered in slimy green scales. (AC +2)
Your flesh is heat resistant. (rF+)
You are partially covered in sharp spines.


Message History

An ogre is nearby!
An ogre is nearby!
An ogre is nearby!
An ogre is nearby!
The ogre hits you with a +0 giant club!
You take 14 damage, and have 32/46 hp.
MASSIVE DAMAGE!!
A crimson imp comes into view.
The crimson imp shouts!
The ogre closely misses you. The ogre closely misses you.
The ogre hits you with a +0 giant club!!
Ouch! That really hurt!
* * * LOW HITPOINT WARNING * * *
The crimson imp blinks!
You take 26 damage, and have 6/46 hp.
MASSIVE DAMAGE!!
The ogre is struck by your spines.
The ogre hits you with a +0 giant club!!
You die...

### ##..
######..# ###
#...?...# ....
##.##ยง.@###....
.....(.O.......
##....#..5..#..
#..###..>..#
#....#.....#..
#......$......
#..#...###....
#..##...# ..#.
#..###..#..##


You could see an ogre and a crimson imp.

Levels and vault maps discovered:
D:1:      ebering_hopf_link, layout_loops_ring, dk_noncrumbling_4
D:2:      layout_loops_corners, hangedman_abyss_or_decor_lesser_grid
D:3:      layout_basic, first_ration, uniq_grinder
D:4:      layout_basic, nicolae_gozag_cash_rules_everything_around_me,
          uniq_robin
D:5:      minmay_inner_zag, layout_loops_ring, minmay_temple_entry_tees,
          gammafunk_ghost_arena, serial_shops, nicolae_shop_behind_doors,
          minivault_5

Notes
Turn   | Place    | Note
-------+----------+-------------------------------------------
     0 | D:1      | Niddhogr the Demonspawn Venom Mage began the quest for the
                  | Orb.
     0 | D:1      | Reached XP level 1. HP: 13/13 MP: 3/3
    39 | D:1      | Identified a +0 club
    59 | D:1      | Identified a +0 club
    88 | D:1      | HP: 3/13 [hobgoblin/+0 club (2)]
    95 | D:1      | Gained mutation: You have sharp fingernails. [demonic
                  | ancestry]
    95 | D:1      | Reached XP level 2. HP: 5/19 MP: 1/5
   129 | D:1      | Identified a +0 rapier (You found it on level 1 of the
                  | Dungeon)
   134 | D:1      | Identified an amulet of faith (You found it on level 1 of
                  | the Dungeon)
   359 | D:1      | Identified a +0 dagger
   377 | D:1      | Identified a +0 club
   383 | D:1      | Identified a +0 club
   388 | D:1      | Identified a +0 club
   445 | D:1      | Identified a +0 club
   448 | D:1      | Reached skill level 4 in Poison Magic
   613 | D:1      | Identified a +0 whip
   618 | D:1      | Reached XP level 3. HP: 23/24 MP: 2/6
   618 | D:1      | Identified a +0 club
   679 | D:1      | Identified a +0 club
   875 | D:1      | Identified a +0 club
   969 | D:1      | Learned a level 2 spell: Poisonous Vapours
  1022 | D:2      | Reached XP level 4. HP: 30/30 MP: 2/7
  1060 | D:2      | Identified a +0 short sword
  1067 | D:2      | Reached skill level 5 in Poison Magic
  1073 | D:2      | Learned a level 4 spell: Olgreb's Toxic Radiance
  1167 | D:2      | Identified a +0 dagger
  1193 | D:2      | Identified a +2 dagger of venom
  1193 | D:2      | Identified a +0 robe
  1248 | D:2      | Identified a +0 club
  1368 | D:2      | Identified a +2 dagger of protection
  1415 | D:2      | Identified a +0 club
  1610 | D:2      | Identified a +0 whip
  1622 | D:2      | Identified a +0 dagger
  1705 | D:2      | Identified a +0 club
  1743 | D:2      | Identified a +2 leather armour of fire resistance (You
                  | found it on level 2 of the Dungeon)
  2097 | D:3      | Gained mutation: You are partially covered in slimy green
                  | scales. (AC +2) [demonic ancestry]
  2097 | D:3      | Reached XP level 5. HP: 35/35 MP: 5/8
  2098 | D:3      | Noticed Grinder
  2105 | D:3      | Killed Grinder
  2105 | D:3      | Reached skill level 7 in Poison Magic
  2105 | D:3      | Gained mutation: Your flesh is heat resistant. (rF+)
                  | [demonic ancestry]
  2105 | D:3      | Reached XP level 6. HP: 32/41 MP: 5/9
  2223 | D:3      | Identified a +0 falchion
  2223 | D:3      | Identified a +0 chain mail
  2225 | D:3      | Identified a +0 club
  2227 | D:3      | Identified a +0 flail
  2325 | D:3      | Identified a +0 club
  2347 | D:3      | Identified a +0 whip
  2353 | D:3      | Identified a +0 club
  2642 | D:3      | Identified a +0 club
  2681 | D:3      | Identified a +1 chain mail of poison resistance
  2713 | D:3      | Identified a ring of magical power (You found it on level 3
                  | of the Dungeon)
  2798 | D:3      | Identified a +0 scale mail
  2901 | D:3      | Identified a +0 club
  2901 | D:3      | Identified a +0 dagger
  2901 | D:3      | Identified a +0 robe
  2902 | D:3      | Identified a +0 dagger
  2902 | D:3      | Identified a +0 robe
  2902 | D:3      | Identified a +0 whip
  2909 | D:3      | Identified a +0 club
  2909 | D:3      | Identified a +0 leather armour
  3253 | D:3      | Identified a +0 club
  3422 | D:4      | Reached skill level 8 in Poison Magic
  3435 | D:4      | Identified 9 scrolls of identify
  3435 | D:4      | Identified 2 scrolls of amnesia
  3437 | D:4      | Identified 3 potions of lignification
  3438 | D:4      | Identified 2 potions of mutation
  3439 | D:4      | Identified a scroll of magic mapping
  3440 | D:4      | Identified a potion of brilliance
  3453 | D:4      | Identified a +1 flail of crushing
  3453 | D:4      | Identified a +0 hand axe
  3453 | D:4      | Identified a +0 leather armour
  3458 | D:4      | Identified a +0 scale mail
  3459 | D:4      | Gained mutation: You are partially covered in sharp spines.
                  | [demonic ancestry]
  3459 | D:4      | Reached XP level 7. HP: 46/46 MP: 10/10
  3538 | D:4      | Noticed a hungry ghost
  3559 | D:4      | Killed a hungry ghost
  3559 | D:4      | Reached skill level 3 in Spellcasting
  3587 | D:4      | Paralysed by fainting for 10 turns
  3716 | D:4      | Identified a +0 club
  3716 | D:4      | Identified a +0 club
  3718 | D:4      | Identified a +0 mace
  3718 | D:4      | Identified a +2 animal skin
  3718 | D:4      | Identified a +0 helmet
  3718 | D:4      | Noticed Robin
  3720 | D:4      | Identified a +0 club
  3726 | D:4      | Identified a +0 club
  3738 | D:4      | Killed Robin
  3846 | D:4      | Identified a +1 dagger of venom
  3909 | D:4      | Identified a +0 giant spiked club
  3921 | D:4      | Reached skill level 4 in Spellcasting
  4094 | D:4      | Identified a +0 flail
  4105 | D:5      | Entered Level 5 of the Dungeon
  4113 | D:5      | Found a staircase to the Ecumenical Temple.
  4115 | D:5      | Identified a +0 giant club
  4125 | D:5      | HP: 6/46 [ogre/+0 giant club (26)]
  4127 | D:5      | Demolished by an ogre

Table legend:
 A = Turns spent in this place as a percentage of turns spent in the entire game.
 B = Non-inter-level travel turns spent in this place as a percentage of non-inter-level travel turns spent in the entire game.
 C = Inter-level travel turns spent in this place as a percentage of turns spent in this place.
 D = Turns resting spent in this place as a percentage of non-inter-level travel turns spent in this place.
 E = Turns spent auto-exploring this place as a percentage of non-inter-level travel turns spent in this place.
 F = Non-inter-level travel turns spent in this place divided by the number of levels of this place that you've seen.
                   A       B       C       D       E      F
               +-------+-------+-------+-------+-------+----------------------
         Total | 100.0 | 100.0 |   0.8 |   0.0 |  70.9 | 818.8
       Dungeon | 100.0 | 100.0 |   0.8 |   0.0 |  70.9 | 818.8
               +-------+-------+-------+-------+-------+----------------------

Table legend:
 A = Kills in this place as a percentage of kills in entire the game.
 B = Kills by you in this place as a percentage of kills by you in the entire game.
 C = Kills by friends in this place as a percentage of kills by friends in the entire game.
 D = Other kills in this place as a percentage of other kills in the entire game.
 E = Experience gained in this place as a percentage of experience gained in the entire game.
 F = Experience gained in this place divided by the number of levels of this place that you have seen.
                   A       B       C       D       E      F
               +-------+-------+-------+-------+-------+----------------------
         Total | 100.0 | 100.0 |   N/A |   N/A | 100.0 | 237.2
       Dungeon | 100.0 | 100.0 |   N/A |   N/A | 100.0 | 237.2
               +-------+-------+-------+-------+-------+----------------------

Skill      XL: |  1  2  3  4  5  6  7 |
---------------+----------------------+-----
Poison Magic   | 4 5 7 8 |  8.0
Spellcasting   | 4 |  4.5
Dodging        | |  1.7
Stealth        | |  2.0
Conjurations   | |  1.0

Action                   |  1- 3 |  4- 6 |  7- 9 || total
-------------------------+-------+-------+-------++-------
Melee: Club              |     8 |       |       ||     8
       Rapier            |    51 |     8 |       ||    59
       Dagger            |       |   338 |    12 ||   350
 Cast: Sting             |    25 |     8 |       ||    33
       Poisonous Vapours |     2 |     5 |       ||     7
       Olgreb's Toxic Ra |       |     3 |       ||     3
  Use: Potion            |       |     1 |       ||     1
       Scroll            |       |     6 |       ||     6
 Stab: Sleeping          |     1 |     7 |       ||     8
  Eat: Chunk             |     1 |    10 |     1 ||    12
       Ration            |       |       |     1 ||     1
Armor: Robe              |    12 |     5 |       ||    17
       Leather armour    |       |   105 |    35 ||   140
Dodge: Dodged            |    35 |   172 |    60 ||   267

Vanquished Creatures
  Grinder (D:3)
  A hungry ghost (D:4)
  An ogre (D:4)
  4 crimson imps
  2 orc wizards (D:3)
  A bullfrog skeleton (D:4)
  A worker ant (D:2)
  A hound skeleton (D:4)
  Robin (D:4)
  3 adders (D:3)
  An ooze (D:3)
  An adder skeleton (D:4)
  2 worms (D:3)
  7 dart slugs
  2 leopard geckos
  12 orcs
  2 ball pythons (D:2)
  2 giant cockroaches
  12 goblins
  21 hobgoblins
  5 jackals
  A quokka (D:2)
  5 bats
  4 frilled lizards
  A jackal skeleton (D:4)
  6 kobolds
  5 rats
105 creatures vanquished.
